 Dungeon Crawl Stone Soup version 0.31-a0-1093-gadecf4124d (webtiles) character file.

Game seed: 354475905583668815

330 Bnni the Grave Robber (level 6, 46/46 HPs)
             Began as a Demonspawn Necromancer on Nov 28, 2023.
             Quit the game on level 2 of the Dungeon on Nov 29, 2023.
             The game lasted 00:04:41 (1590 turns).

Bnni the Grave Robber (Demonspawn Necromancer)      Turns: 1590, Time: 00:04:42

Health: 46/46      AC:  4    Str:  9    XL:     6   Next: 26%
Magic:  11/11      EV: 11    Int: 18    God:
Gold:   105        SH:  0    Dex: 15    Spells: 3/11 levels left

rFire   . . .        j - +0 short sword
rCold   . . .        (no shield)
rNeg    . . .        e - +0 leather armour
rPois   .            (no helmet)
rElec   .            (no cloak)
rCorr   .            k - +0 pair of gloves
SInv    .            (no boots)
Will    .....        (no amulet)
Stlth   +++          (no ring)
HPRegen 0.27/turn    (no ring)
MPRegen 0.12/turn

%: no passive effects
@: no status effects
A: thin skeletal structure 1, foul stench 1, spiny 1, demonic touch 1
a: no special abilities


You were on level 2 of the Dungeon.
You visited 1 branch of the dungeon, and saw 2 of its levels.

You collected 105 gold pieces.

Inventory:

Hand Weapons
 g - a +0 spear
 j - a +0 short sword (weapon)
Armour
 e - a +0 leather armour (worn)
 i - a +0 ring mail
 k - a +0 pair of gloves (worn)
Scrolls
 h - 2 scrolls of identify {unknown}
 l - a scroll of silence {unknown}
 m - a scroll of noise {unknown}
 o - a scroll of revelation {unknown}
 p - a scroll of torment {unknown}
 q - a scroll of immolation {unknown}
Potions
 a - a potion of resistance {unknown}
 b - a potion of magic
 c - 2 potions of degeneration {unknown}
 d - a potion of curing {unknown}
 f - a potion of might {unknown}
 n - a potion of mutation {unknown}


   Skills:
 + Level 2.9 Fighting
 - Level 1.7 Dodging
 - Level 1.7 Stealth
 + Level 3.4 Spellcasting
 * Level 6.6 Necromancy


You had 3 spell levels left.
You knew the following spells:

 Your Spells              Type           Power      Damage    Failure   Level
a - Necrotise             Necr           100%       1d9       1%          1
c - Vampiric Draining     Necr           27%        2d7       4%          3
d - Animate Dead          Necr           27%        N/A       14%         4

Your spell library contained the following spells:

 Spells                   Type           Power      Damage    Failure   Level
 Agony                    Necr           27%        N/A       36%         5


Dungeon Overview and Level Annotations

Branches:
Dungeon (2/15)

Altars:
Dithmenos


Innate Abilities, Weirdness & Mutations

You have a somewhat thin skeletal structure. (Dex +2, Stealth+)
You may rarely emit foul miasma when damaged in melee.
You are partially covered in sharp spines.
Your touch may inflict minor irresistible damage on your foes.


Message History

q - a scroll labelled BIYLEI POUSH
Things that are here:
a +0 dagger; 4 stones; a kobold corpse No target in view!
You now have 105 gold pieces (gained 15).
Done exploring.
No target in view!
No target in view!
Done exploring.
No target in view!
Done exploring.
j - a +0 short sword (weapon)
Okay, then.
This spell is quite dangerous to cast!
You start memorising the spell.
You continue memorising. x4
You finish memorising.
Spell assigned to 'b'.
Adjust (i)tems, (s)pells, or (a)bilities?
Adjust which spell? b - Animate Dead Adjust to which letter?
Okay, then.
This spell is dangerous to cast!
You start memorising the spell.
You continue memorising. x3
You finish memorising.
Spell assigned to 'c'.
Adjust (i)tems, (s)pells, or (a)bilities?
Adjust which spell? b - Animate Dead Adjust to which letter? d - Animate Dead Adjust (i)tems, (s)pells, or (a)bilities?
Okay, then.
Okay, then.
Okay, then.
Okay, then.
Welcome back, Bnni the Demonspawn Necromancer.
Press ? for a list of commands and other information.
Autopickup is now off.
Okay, then.
Unknown command.
Are you sure you want to abandon this character and quit the game? (Confirm with "yes".)

############ ##..........#
#......)###.########
######.#.#.#.###.#......#
####
.....#.....#.#..@#)####.#
#... .###.###.#.#.#.###.#
#.# #...
...#.#.....).#.###.####.#
#...
##.#.#.#.#.###.#......#.#
#...
#.#...........#.#....#.#
#...
#.....#.......#.######.##
#...
########.......#.........#
#...
..........#############..#
#...
##...................##>.#
#...


There were no monsters in sight!

Vanquished Creatures
  Sigmund (D:2)
  Natasha (twice) (D:2)
  5 adders (D:2)
  A dart slug (D:1)
  2 ball pythons
  4 endoplasms (D:1)
  4 giant cockroaches
  2 goblins
  3 hobgoblins
  3 quokkas
  3 bats
  4 kobolds
  7 rats
41 creatures vanquished.

Vanquished Creatures (collateral kills)
  Natasha (D:2)
  A dart slug (D:1)
  2 endoplasms (D:1)
  A kobold (D:1)
  A rat (D:1)
6 creatures vanquished.

Grand Total: 47 creatures vanquished

Notes
Turn   | Place    | Note
-------+----------+-------------------------------------------
     0 | D:1      | Bnni the Demonspawn Necromancer began the quest for the
                  | Orb.
     0 | D:1      | Reached XP level 1. HP: 13/13 MP: 3/3
   102 | D:1      | Gained mutation: You have a somewhat thin skeletal
                  | structure. (Dex +2, Stealth+) [demonic ancestry]
   102 | D:1      | Reached XP level 2. HP: 6/20 MP: 0/5
   506 | D:1      | Reached skill level 1 in Fighting
   650 | D:1      | Reached skill level 5 in Necromancy
   652 | D:1      | Gained mutation: Your touch may inflict minor irresistible
                  | damage on your foes. [demonic ancestry]
   652 | D:1      | Reached XP level 3. HP: 23/26 MP: 6/6
   820 | D:2      | Noticed Natasha
   827 | D:2      | Killed Natasha
   828 | D:2      | Reached XP level 4. HP: 18/32 MP: 3/7
   888 | D:2      | Found a shadowy altar of Dithmenos.
   923 | D:2      | Noticed Natasha
   940 | D:2      | Killed Natasha
   999 | D:2      | Noticed Natasha
  1007 | D:2      | Killed Natasha
  1008 | D:2      | Gained mutation: You are partially covered in sharp spines.
                  | [demonic ancestry]
  1008 | D:2      | Reached XP level 5. HP: 34/38 MP: 6/9
  1370 | D:2      | Noticed Sigmund
  1378 | D:2      | Killed Sigmund
  1379 | D:2      | Reached skill level 6 in Necromancy
  1379 | D:2      | Gained mutation: You may rarely emit foul miasma when
                  | damaged in melee. [demonic ancestry]
  1379 | D:2      | Reached XP level 6. HP: 37/46 MP: 2/11
  1586 | D:2      | Learned a level 4 spell: Animate Dead
  1590 | D:2      | Learned a level 3 spell: Vampiric Draining
  1590 | D:2      | Upgraded the game from 0.31-a0-1084-gb392501acf to
                  | 0.31-a0-1093-gadecf4124d
  1590 | D:2      | Quit the game

Illustrated notes

Levels and vault maps discovered:
D:1:      sevenhm_arrival_forest_fort_small_6, layout_rooms,
          minmay_tiny_reverse_x
D:2:      layout_basic, basic_altar, uniq_natasha, uniq_sigmund

Skill      XL: |  1  2  3  4  5 |
---------------+----------------+-----
Fighting       | 1 2 |  2.9
Necromancy     | 5 6 |  6.6
Spellcasting   | 3 |  3.4
Dodging        | |  1.7
Stealth        | |  1.7

Action                     |  1- 3 |  4- 6 || total
---------------------------+-------+-------++-------
  Melee: Unarmed           |    11 |       ||    11
         Spear             |    22 |    29 ||    51
         Touch             |     1 |     3 ||     4
   Cast: Necrotise         |    29 |    19 ||    48
   Stab: Sleeping          |     3 |     3 ||     6
         Distracted        |       |     1 ||     1
 Armour: Leather armour    |    20 |    18 ||    38
  Dodge: Dodged            |    34 |    13 ||    47

Table legend: (Time is in decaauts)
 A = Elapsed time spent in this place.
 B = Non-inter-level travel time spent in this place.
 C = Inter-level travel time spent in this place.
 D = Time resting spent in this place.
 E = Time spent auto-exploring this place.
 F = Levels seen in this place.
 G = Mean time per level.
                   A        B        C        D        E       F      G
               +--------+--------+--------+--------+--------+-----+--------+
         Total |   1593 |   1587 |      6 |     60 |   1191 |   2 |  796.5 |
       Dungeon |   1593 |   1587 |      6 |     60 |   1191 |   2 |  796.5 |
               +--------+--------+--------+--------+--------+-----+--------+

Top non-repeatable levels by time:
     D:2: 853 daAuts
     D:1: 740 daAuts
